TOP OF THE 1ST |
So Cal Henvy batting - Pitching for Maui Tropics : RHP Pedro Magana
|
Pitching: RHP Pedro Magana
|
|
Batting: RHB Greg Handrahan
|
0-0: Foul Ball, location: 2F 0-1: Foul Ball, location: 2F 0-2: Ball 1-2: Foul Ball, location: 2F 1-2: Strikes out swinging
|
Batting: RHB William Richardson
|
0-0: Ball 1-0: Foul Ball, location: 2F 1-1: Ball 2-1: Ball 3-1: Foul Ball, location: 2F 3-2: SINGLE (Line Drive, 4MD)
|
Batting: LHB César Valentín
|
0-0: Ball William Richardson is caught stealing 2nd base 1-0: Ball 2-0: DOUBLE (Line Drive, 8LXD)
|
Pinch Runner at 2nd Dexter Potter:
|
|
Batting: RHB Earl Wiggins
|
0-0: Swinging Strike 0-1: Ball 1-1: Ball 2-1: Ball 3-1: Base on Balls
|
Batting: LHB José Antonio Santiago
|
0-0: Ball 1-0: Ball 2-0: Ball 3-0: Called Strike 3-1: Base on Balls Dexter Potter to third Earl Wiggins to second
|
Batting: RHB Rubén Calderón
|
0-0: Fly out, F9 (Flyball, 89S)
|
Top of the 1st over - 0 run(s), 2 hit(s), 0 error(s), 3 left on base; So Cal 0 - Maui 0 |
BOTTOM OF THE 1ST |
Maui Tropics batting - Pitching for So Cal Henvy : RHP Jeffrey King
|
Pitching: RHP Jeffrey King
|
|
Now in RF: Dexter Potter
|
|
Batting: LHB Javier Espinoza
|
0-0: Ground out 3-1 (Groundball, 34)
|
Batting: LHB Luis Antonio Torres
|
0-0: Called Strike 0-1: Foul Ball, location: 2F 0-2: Strikes out swinging
|
Batting: RHB Jesús Espinoza
|
0-0: Ball 1-0: Foul Ball, location: 2F 1-1: Ball 2-1: Fly out, F9 (Flyball, 89D)
|
Bottom of the 1st over - 0 run(s), 0 hit(s), 0 error(s), 0 left on base; So Cal 0 - Maui 0 |
TOP OF THE 2ND |
So Cal Henvy batting - Pitching for Maui Tropics : RHP Pedro Magana
|
Batting: RHB Lawrence Schroeder
|
0-0: Called Strike 0-1: Ground out 4-3 (Groundball, 4S)
|
Batting: LHB Doyle Otterburn
|
0-0: Foul Ball, location: 2F 0-1: Called Strike 0-2: Foul Ball, location: 2F 0-2: Ball 1-2: Ground out U3 (Groundball, 3)
|
Batting: SHB Miguel González
|
0-0: Fly out, F9 (Flyball, 9)
|
Top of the 2nd over - 0 run(s), 0 hit(s), 0 error(s), 0 left on base; So Cal 0 - Maui 0 |
BOTTOM OF THE 2ND |
Maui Tropics batting - Pitching for So Cal Henvy : RHP Jeffrey King
|
Batting: RHB José Herrera
|
0-0: Ball 1-0: Ground out 4-3 (Groundball, 4)
|
Batting: LHB José Rivas
|
0-0: Called Strike 0-1: Foul Ball, location: 2F 0-2: Ball 1-2: Ball 2-2: Ball 3-2: Foul Ball, location: 2F 3-2: Base on Balls
|
Batting: RHB Ximena Campos
|
0-0: Ball 1-0: Ball 2-0: Ball 3-0: Called Strike 3-1: Swinging Strike 3-2: Grounds into double play, 5-4-3 (Groundball, 5L)
|
Bottom of the 2nd over - 0 run(s), 0 hit(s), 0 error(s), 0 left on base; So Cal 0 - Maui 0 |
TOP OF THE 3RD |
So Cal Henvy batting - Pitching for Maui Tropics : RHP Pedro Magana
|
Batting: RHB Greg Handrahan
|
0-0: Called Strike 0-1: Foul Ball, location: 2F 0-2: Foul Ball, location: 2F 0-2: Ball 1-2: Ball 2-2: Ball 3-2: SINGLE (Groundball, 3D)
|
Batting: RHB William Richardson
|
0-0: Ball Greg Handrahan steals 2nd base 1-0: Ball 2-0: Ball 3-0: Called Strike 3-1: Base on Balls
|
Batting: RHB Dexter Potter
|
0-0: Called Strike 0-1: Fly out, F5 (Popup, 6S)
|
Pitching: RHP Brandon Mitchell
|
|
Batting: RHB Earl Wiggins
|
0-0: Ball 1-0: Called Strike 1-1: Ball 2-1: Fly out, F9 (Flyball, 9)
|
Batting: LHB José Antonio Santiago
|
0-0: Ball 1-0: Foul Ball, location: 2F 1-1: Called Strike 1-2: Foul Ball, location: 2F 1-2: Strikes out swinging
|
Top of the 3rd over - 0 run(s), 1 hit(s), 0 error(s), 2 left on base; So Cal 0 - Maui 0 |
BOTTOM OF THE 3RD |
Maui Tropics batting - Pitching for So Cal Henvy : RHP Jeffrey King
|
Batting: RHB José Rodríguez
|
0-0: Ball 1-0: Foul Ball, location: 2F 1-1: Foul Ball, location: 2F 1-2: Foul Ball, location: 2F 1-2: Strikes out looking
|
Batting: LHB Anacleto Morillo
|
0-0: Foul Ball, location: 2F 0-1: Ball 1-1: Ball 2-1: Fly out, F8 (Flyball, 8RXD)
|
Batting: RHB John Brown
|
0-0: Called Strike 0-1: Ball 1-1: Swinging Strike 1-2: Strikes out looking
|
Bottom of the 3rd over - 0 run(s), 0 hit(s), 0 error(s), 0 left on base; So Cal 0 - Maui 0 |
TOP OF THE 4TH |
So Cal Henvy batting - Pitching for Maui Tropics : RHP Brandon Mitchell
|
Batting: RHB Rubén Calderón
|
0-0: Ball 1-0: Foul Ball, location: 2F 1-1: DOUBLE (Groundball, 5L)
|
Batting: RHB Lawrence Schroeder
|
0-0: Foul Ball, location: 2F 0-1: Ball 1-1: Foul Ball, location: 2F 1-2: Ball 2-2: Ground out 4-3 (Groundball, 4) Rubén Calderón to third
|
Batting: LHB Doyle Otterburn
|
0-0: SINGLE (Groundball, 34D) Rubén Calderón scores
|
Batting: SHB Miguel González
|
0-0: Foul Ball, location: 2F 0-1: Foul Ball, location: 2F 0-2: Ball 1-2: Ball 2-2: Foul Ball, location: 2F 2-2: SINGLE (Groundball, 6D) Doyle Otterburn to second
|
Batting: RHB Greg Handrahan
|
0-0: Called Strike 0-1: Ball 1-1: Ball 2-1: Foul Ball, location: 2F 2-2: Ball 3-2: Strikes out swinging
|
Batting: RHB William Richardson
|
0-0: Fly out, F9 (Flyball, 9LM)
|
Top of the 4th over - 1 run(s), 3 hit(s), 0 error(s), 2 left on base; So Cal 1 - Maui 0 |
BOTTOM OF THE 4TH |
Maui Tropics batting - Pitching for So Cal Henvy : RHP Jeffrey King
|
Batting: LHB Javier Espinoza
|
0-0: Swinging Strike 0-1: TRIPLE (Flyball, 8LM)
|
Batting: LHB Luis Antonio Torres
|
0-0: Called Strike 0-1: Fly out, F7 (Flyball, 7) Runner from 3rd tags up, SCORES, throw made
|
Batting: RHB Jesús Espinoza
|
0-0: Fly out, F3 (Line Drive, 34)
|
Batting: RHB José Herrera
|
0-0: Called Strike 0-1: Swinging Strike 0-2: Ball 1-2: Foul Ball, location: 2F 1-2: Ball 2-2: Strikes out swinging
|
Bottom of the 4th over - 1 run(s), 1 hit(s), 0 error(s), 0 left on base; So Cal 1 - Maui 1 |
TOP OF THE 5TH |
So Cal Henvy batting - Pitching for Maui Tropics : RHP Brandon Mitchell
|
Batting: RHB Dexter Potter
|
0-0: Fly out, F8 (Flyball, 8LM)
|
Batting: RHB Earl Wiggins
|
0-0: Ball 1-0: Called Strike 1-1: Ball 2-1: Fly out, F8 (Flyball, 8LM)
|
Batting: LHB José Antonio Santiago
|
0-0: Called Strike 0-1: SINGLE (Groundball, 4D)
|
Batting: RHB Rubén Calderón
|
0-0: Swinging Strike 0-1: Ball 1-1: Ball 2-1: Swinging Strike 2-2: Ball 3-2: Strikes out swinging
|
Top of the 5th over - 0 run(s), 1 hit(s), 0 error(s), 1 left on base; So Cal 1 - Maui 1 |
BOTTOM OF THE 5TH |
Maui Tropics batting - Pitching for So Cal Henvy : RHP Jeffrey King
|
Batting: LHB José Rivas
|
0-0: Ball 1-0: Foul Ball, location: 2F 1-1: SOLO HOME RUN (Line Drive, 8RXD), Distance : 426 ft
|
Batting: RHB Ximena Campos
|
0-0: Foul Ball, location: 2F 0-1: Ball 1-1: Ball 2-1: Ball 3-1: Base on Balls
|
Batting: RHB José Rodríguez
|
0-0: Ball 1-0: Swinging Strike 1-1: Swinging Strike 1-2: Strikes out swinging
|
Batting: LHB Anacleto Morillo
|
0-0: Called Strike 0-1: Swinging Strike 0-2: Strikes out swinging
|
Batting: RHB John Brown
|
0-0: Ball 1-0: Foul Ball, location: 2F 1-1: Swinging Strike 1-2: Strikes out swinging
|
Bottom of the 5th over - 1 run(s), 1 hit(s), 0 error(s), 1 left on base; So Cal 1 - Maui 2 |
TOP OF THE 6TH |
So Cal Henvy batting - Pitching for Maui Tropics : RHP Brandon Mitchell
|
Batting: RHB Lawrence Schroeder
|
0-0: Ball 1-0: Ball 2-0: Ball 3-0: Called Strike 3-1: Fly out, F8 (Line Drive, 8RM)
|
Pitching: RHP John Burris
|
|
Batting: LHB Doyle Otterburn
|
0-0: Called Strike 0-1: Ball 1-1: Ground out 4-3 (Groundball, 4S)
|
Batting: SHB Miguel González
|
0-0: Foul Ball, location: 2F 0-1: Foul Ball, location: 2F 0-2: Foul Ball, location: 2F 0-2: Ground out U3 (Groundball, 34)
|
Top of the 6th over - 0 run(s), 0 hit(s), 0 error(s), 0 left on base; So Cal 1 - Maui 2 |
BOTTOM OF THE 6TH |
Maui Tropics batting - Pitching for So Cal Henvy : RHP Jeffrey King
|
Batting: LHB Javier Espinoza
|
0-0: Called Strike 0-1: Swinging Strike 0-2: Ball 1-2: Ball 2-2: Strikes out swinging
|
Batting: LHB Luis Antonio Torres
|
0-0: Fly out, F7 (Flyball, 78S)
|
Batting: RHB Jesús Espinoza
|
0-0: Ball 1-0: Foul Ball, location: 2F 1-1: Foul Ball, location: 2F 1-2: Foul Ball, location: 2F 1-2: Ball 2-2: Ground out 1-3 (Groundball, 15S)
|
Bottom of the 6th over - 0 run(s), 0 hit(s), 0 error(s), 0 left on base; So Cal 1 - Maui 2 |
TOP OF THE 7TH |
So Cal Henvy batting - Pitching for Maui Tropics : RHP John Burris
|
Batting: RHB Greg Handrahan
|
0-0: Called Strike 0-1: Foul Ball, location: 2F 0-2: Ground out 3-1 (Groundball, 34S)
|
Batting: RHB William Richardson
|
0-0: Ball 1-0: Ball 2-0: Ball 3-0: Base on Balls
|
Batting: RHB Dexter Potter
|
0-0: Ball 1-0: Ball 2-0: Called Strike 2-1: Swinging Strike 2-2: Ball 3-2: Strikes out swinging Throwing error on steal attempt, E2 William Richardson to third
|
Batting: RHB Earl Wiggins
|
0-0: Ball 1-0: Ball 2-0: Foul Ball, location: 2F 2-1: Called Strike 2-2: Ball 3-2: Foul Ball, location: 2F 3-2: Ground out 6-3 (Groundball, 6D)
|
Top of the 7th over - 0 run(s), 0 hit(s), 1 error(s), 1 left on base; So Cal 1 - Maui 2 |
BOTTOM OF THE 7TH |
Maui Tropics batting - Pitching for So Cal Henvy : RHP Jeffrey King
|
Batting: RHB José Herrera
|
0-0: Called Strike 0-1: Ground out U3 (Groundball, 34S)
|
Batting: LHB José Rivas
|
0-0: Called Strike 0-1: Ball 1-1: Ground out 4-3 (Groundball, 4)
|
Batting: RHB Ximena Campos
|
0-0: Called Strike 0-1: Foul Ball, location: 2F 0-2: Foul Ball, location: 2F 0-2: Ball 1-2: Ground out 4-3 (Groundball, 4)
|
Bottom of the 7th over - 0 run(s), 0 hit(s), 0 error(s), 0 left on base; So Cal 1 - Maui 2 |
TOP OF THE 8TH |
So Cal Henvy batting - Pitching for Maui Tropics : RHP John Burris
|
Pitching: LHP Mark Stewart
|
|
Now in CF: Don Hull
|
|
Batting: LHB José Antonio Santiago
|
0-0: Called Strike 0-1: Swinging Strike 0-2: Strikes out swinging
|
Batting: RHB Rubén Calderón
|
0-0: Called Strike 0-1: Called Strike 0-2: Fly out, F9 (Flyball, 9LSF)
|
Batting: RHB Lawrence Schroeder
|
0-0: SINGLE (Groundball, 34D)
|
Pinch Hitting: RHB Wilson López
|
0-0: Foul Ball, location: 2F 0-1: Ball 1-1: Swinging Strike 1-2: Strikes out swinging
|
Top of the 8th over - 0 run(s), 1 hit(s), 0 error(s), 1 left on base; So Cal 1 - Maui 2 |
BOTTOM OF THE 8TH |
Maui Tropics batting - Pitching for So Cal Henvy : RHP Jeffrey King
|
Now at 2B: Morgan Gibbon
|
|
Batting: RHB José Rodríguez
|
0-0: Ball 1-0: SINGLE (Groundball, 34D)
|
Batting: LHB Anacleto Morillo
|
0-0: Ball 1-0: Called Strike 1-1: Ball 2-1: Called Strike 2-2: Ball 3-2: Strikes out swinging José Rodríguez steals 2nd base Batter strikes out.
|
Pinch Hitting: RHB Michael Woodruff
|
0-0: Ground out 4-3 (Groundball, 4) José Rodríguez to third
|
Batting: LHB Javier Espinoza
|
0-0: Swinging Strike 0-1: Ball 1-1: Called Strike 1-2: Strikes out looking
|
Bottom of the 8th over - 0 run(s), 1 hit(s), 0 error(s), 1 left on base; So Cal 1 - Maui 2 |
TOP OF THE 9TH |
So Cal Henvy batting - Pitching for Maui Tropics : LHP Mark Stewart
|
Pitching: RHP Ricardo Pérez
|
|
Now at 2B: Matt Silver
|
|
Batting: SHB Miguel González
|
0-0: Ball 1-0: Ground out 5-3 (Groundball, 56S)
|
Batting: RHB Greg Handrahan
|
0-0: Ball 1-0: Foul Ball, location: 2F 1-1: Fly out, F8 (Line Drive, 8RM)
|
Batting: RHB William Richardson
|
0-0: Called Strike 0-1: Foul Ball, location: 2F 0-2: Ball 1-2: Ball 2-2: Foul Ball, location: 2F 2-2: Strikes out swinging
|
Top of the 9th over - 0 run(s), 0 hit(s), 0 error(s), 0 left on base; So Cal 1 - Maui 2 |
|